 Dungeon Crawl Stone Soup version 0.29-a0-1027-gcd8c55af63 (webtiles) character file.

Game seed: 17009228022547857110

25488 avis the Frost Mage (level 12, -5/106 HPs)
             Began as a Demigod Ice Elementalist on Aug 7, 2022.
             Slain by a minotaur
             ... wielding the +4 scimitar "Bexaun" {vorpal, rC- Will++}
              (28 damage)
             ... in a Gauntlet on Aug 12, 2022.
             The game lasted 02:24:38 (19416 turns).

avis the Frost Mage (Demigod Ice Elementalist)     Turns: 19416, Time: 02:24:38

Health: -5/106     AC: 15    Str:  9    XL:     12   Next: 54%
Magic:  24/28      EV: 22    Int: 17    God:
Gold:   824        SH:  5    Dex: 34    Spells: 20/27 levels left

rFire   . . .      SeeInvis .   b - +1 shortbow of the Snake Pit {venom, rF- rC+ rN+ Dex+4}
rCold   + + .      Faith    .   (shield currently unavailable)
rNeg    + . .      Spirit   .   R - +0 acid dragon scales
rPois   +          Reflect  +   K - +0 hat "Ciuxtaf" {rElec}
rElec   +          Harm     .   u - scarf {repulsion}
rCorr   +          Rampage  .   x - +2 pair of gloves "Edwuux" {rC+ rCorr}
Will    +....      NoTele   +   (no boots)
Stlth   +++.......              d - amulet of reflection
HPRegen 0.27/turn               g - ring of poison resistance
MPRegen 0.21/turn               M - ring of protection from fire

@: ice-armoured, freezing walls, repel missiles
A: high MP 1, forlorn, divine attributes
a: no special abilities


You were in a Gauntlet.
You visited 3 branches of the dungeon, and saw 15 of its levels.
You also visited: Ossuary, Gauntlet and Ice Cave.

You collected 1388 gold pieces.
You spent 564 gold pieces at shops.

Inventory:

Hand Weapons
 a - the +7 long sword of Siruh {vorpal, rC++}
   (You found it on level 7 of the Dungeon)

   It inflicts extra damage upon your enemies.
   rC:        It greatly protects you from cold.
 b - the +1 shortbow of the Snake Pit (weapon) {venom, rF- rC+ rN+ Dex+4}
   (You found it on level 7 of the Dungeon)

   Any ammunition fired from it poisons the flesh of those it strikes.
   Dex:       It affects your dexterity (+4).
   rF:        It makes you vulnerable to fire.
   rC:        It protects you from cold.
   rN:        It protects you from negative energy.
 w - a +2 vorpal shortbow
Missiles
 D - 2 throwing nets
Armour
 l - a +0 pair of gloves
 n - a +0 buckler
 u - a scarf of repulsion (worn)
 x - the +2 pair of gloves "Edwuux" (worn) {rC+ rCorr}
   (You found it in a Gauntlet)

   rC:        It protects you from cold.
   rCorr:     It protects you from acid and corrosion.
 K - the +0 hat "Ciuxtaf" (worn) {rElec}
   (You found it on level 7 of the Dungeon)

   rElec:     It insulates you from electricity.
 R - +0 acid dragon scales (worn)
 W - a +0 cloak
Jewellery
 c - a ring of protection from cold
 d - an amulet of reflection (around neck)
 g - a ring of poison resistance (left hand)
 o - a ring of flight
 M - a ring of protection from fire (right hand)
Wands
 k - a wand of acid (1)
 F - a wand of charming (8)
 J - a wand of digging (11)
 S - a wand of flame (9)
 T - a wand of roots (2)
Scrolls
 f - a scroll of amnesia
 h - 3 scrolls of torment {unknown}
 r - 2 scrolls of poison {unknown}
 s - 6 scrolls of blinking
 t - a scroll of identify
 B - 2 scrolls of teleportation
 E - a scroll of fear
 Q - 2 scrolls of butterflies {unknown}
Potions
 e - 10 potions of curing
 m - 3 potions of might
 p - 2 potions of berserk rage
 q - 3 potions of ambrosia
 A - 2 potions of brilliance
 G - 2 potions of magic
 H - a potion of invisibility
 I - 3 potions of haste
 U - a potion of lignification
 Z - 2 potions of resistance
Miscellaneous
 j - a tin of tremorstones (2/2)
 v - a phantom mirror
 N - a box of beasts


   Skills:
 - Level 10.0 Fighting
 - Level 10.0 Dodging
 - Level 2.0 Stealth
 - Level 8.0 Spellcasting
 * Level 12.7 Ice Magic


You had 20 spell levels left.
You knew the following spells:

 Your Spells              Type           Power      Damage    Failure   Level
a - Freeze                Ice            100%       1d11      1%          1
o - Ozocubu's Armour      Ice            50%        N/A       1%          3
r - Frozen Ramparts       Ice            100%       1d16      1%          3

Your spell library contained the following spells:

 Spells                   Type           Power      Damage    Failure   Level
 Ensorcelled Hibernation  Hex/Ice        56%        N/A       1%          2
 Hailstorm                Conj/Ice       28%        3d8       13%         4
 Ice Form                 Ice/Tmut       28%        N/A       13%         4
 Magic Dart               Conj           24%        1d4       17%         1
 Shock                    Conj/Air       24%        1d4       17%         1
 Call Imp                 Summ           6%         N/A       26%         2
 Inner Flame              Hex/Fire       6%         N/A       45%         3
 Mephitic Cloud           Conj/Pois/Air  6%         N/A       45%         3
 Spider Form              Tmut/Pois      6%         N/A       45%         3
 Stone Arrow              Conj/Erth      12%        3d7       45%         3
 Summon Guardian Golem    Hex/Summ       6%         N/A       45%         3
 Anguish                  Hex/Necr       3%         N/A       86%         4
 Animate Armour           Summ/Erth      12%        N/A       86%         4
 Cause Fear               Hex            3%         N/A       86%         4
 Fulminant Prism          Conj/Hex       3%         3d6       86%         4
 Iskenderun's Mystic Bla  Conj/Tloc      6%         2d4       86%         4
 Simulacrum               Ice/Necr       14%        N/A       89%         6
 Lee's Rapid Deconstruct  Erth           3%         3d6*      99%         5
 Orb of Destruction       Conj           3%         9d5       100%        7
 Spellforged Servitor     Conj/Summ      3%         N/A       100%        7
 Discord                  Hex            3%         N/A       100%        8
 Lehudib's Crystal Spear  Conj/Erth      3%         10d2      100%        8


Dungeon Overview and Level Annotations

Branches:
Dungeon (11/15)            Temple (1/1) D:6            Lair (3/5) D:11
Ossuary (visited)           IceCv (visited)         Gauntlet (1/1)
  Swamp: Lair:2-3    Shoals: Lair:2-3     Snake: Lair:2-3    Spider: Lair:2-3
    Orc: D:9-12

Shops:
D:2 :   D:6 **   D:7 !=:

Annotations:
D:7 exclusion: orange crystal statue
D:10 2 runed translucent doors, exclusion: orange crystal statue Gauntlet 8 transporters, 2 runed translucent doors, exclusion: orange crystal statue


Innate Abilities, Weirdness & Mutations

You have an increased reservoir of magic. (+10% MP)
You shall have no god before yourself.
Your divine heritage dramatically boosts your attributes as you level up.


Message History

The roots erupt in riotous growth!
Roots grab the minotaur.
The grasping roots constrict the minotaur.
You block the minotaur's attack. The minotaur gores you.
Casting: Frozen Ramparts (safe; 1% risk of failure)
Confirm with . or Enter, or press ? or * to list all spells.
Casting: Frozen Ramparts (safe; 1% risk of failure)
Press: ? - help, Dir - look around, f - activate The walls around you are covered in ice.
The grasping roots constrict the minotaur.
The roots release their grip on the minotaur.
The wall freezes the minotaur but does no damage.
The minotaur misses you.
The minotaur gores you but does no damage.
Fire: b) +1 shortbow of the Snake Pit {venom, rF- rC+ rN+ Dex+4}
Press: ? - help, Q - select action, (/) - cycle Shift-Dir - straight line, f - minotaur
Aim: a minotaur, wielding the +4 scimitar "Bexaun" {vorpal, rC- Will++}, wearing the +6 ice dragon scales of the Hurtling Gods {-Tele rF- rC++ rN+ Str+2}, wearing a +1 kite shield of positive energy and quivering silver javelins (heavily wounded, very poisoned, 80% to hit)
You shoot an arrow. The arrow hits the minotaur.
The minotaur looks as sick as possible!
The minotaur is heavily wounded.
The minotaur resists.
The wall freezes the minotaur.
The minotaur hits you with the +4 scimitar "Bexaun" {vorpal, rC- Will++}!
* * * LOW HITPOINT WARNING * * *
x2 The minotaur barely misses you.
The wall freezes the minotaur but does no damage.
The minotaur closely misses you. The minotaur barely misses you.
You feel much better.
The minotaur resists.
The wall freezes the minotaur.
You block the minotaur's attack. The minotaur completely misses you.
Fire: b) +1 shortbow of the Snake Pit {venom, rF- rC+ rN+ Dex+4}
Press: ? - help, Q - select action, (/) - cycle Shift-Dir - straight line, f/p - minotaur
Aim: a minotaur, wielding the +4 scimitar "Bexaun" {vorpal, rC- Will++}, wearing the +6 ice dragon scales of the Hurtling Gods {-Tele rF- rC++ rN+ Str+2}, wearing a +1 kite shield of positive energy and quivering silver javelins (severely wounded, extremely poisoned, 80% to hit)
You shoot an arrow. The minotaur blocks the arrow.
The wall freezes the minotaur but does no damage.
The minotaur hits you with the +4 scimitar "Bexaun" {vorpal, rC- Will++}!!
* * * LOW HITPOINT WARNING * * *
x2 The minotaur gores you but does no damage.
You feel better.
The minotaur completely resists.
The wall freezes the minotaur but does no damage.
The minotaur hits you with the +4 scimitar "Bexaun" {vorpal, rC- Will++}!!
You die...

.####....#.#...#..#####
#....##.#.#...#..###..
#.#####.#.#.©.#8.#..##
#.#⌠. #.#.#...#..#).#†
#.#.∩ #.#...©.#∩.#©#.©
#.#⌠. #.###...#..#.#.#
#.##. #.# #.©.#8.#.##.
#..#H##.# #...#..##..#
####.@..# #...#..#####
###### #..##.......
#.###..#####
###*≈..#Xx.x ##..#.).#
*≈..#==## **,,*©**©
*≈,,***,, **,,**,,*


You could see a minotaur (very poisoned).

Vanquished Creatures
  A white draconian (IceCv)
  Harold (Lair:2)
  2 hydras
  A two-headed ogre (D:11)
  A tengu warrior (Gauntlet)
  Sonja (D:10)
  A lindwurm (Lair:1)
  A cyclops (D:11)
  An ugly thing (D:11)
  A moth of wrath (Gauntlet)
  2 black mambas
  2 ice statues (IceCv)
  6 elephants
  Maggie (D:6)
  6 rime drakes
  2 cane toads
  3 komodo dragons
  A tengu conjurer (Gauntlet)
  A troll (D:10)
  11 blink frogs
  A hornet (D:7)
  4 flying skulls (Gauntlet)
  A vampire (D:11)
  2 shadows
  3 wraiths
  13 yaks
  A wyvern (D:9)
  Sigmund (D:6)
  Eustachio (D:7)
  Grum (D:10)
  3 redbacks (Gauntlet)
  Menkaure (D:6)
  A basilisk (Lair:2)
  6 vampire mosquitoes (D:10)
  Edmund (D:4)
  2 water moccasins
  3 sky beasts
  4 ice beasts
  A black bear (Lair:1)
  5 wolves
  4 centaurs
  Blork the orc (D:7)
  A kobold brigand (D:10)
  A necrophage (D:5)
  11 bullfrogs
  A gnoll sergeant (D:7)
  3 scorpions
  A wight (D:7)
  17 killer bees
  2 lindwurm simulacra (IceCv)
  6 howler monkeys
  2 electric eels (D:7)
  5 hounds
  9 komodo dragon simulacra (IceCv)
  A gnoll bouda (D:9)
  2 jellies
  6 iguanas
  9 orc wizards
  A mummy (Ossuary)
  6 acid dragon simulacra (IceCv)
  7 adders
  8 gnolls
  A shadow imp (D:7)
  A white imp (D:6)
  2 ufetubi (D:6)
  4 steam dragon simulacra (IceCv)
  4 worms
  A dart slug (D:3)
  21 orcs
  2 bats
  7 endoplasms
  2 giant cockroaches
  7 goblins
  4 hobgoblins
  3 jackals (D:2)
  15 kobolds
  3 quokkas
  2 training dummies (D:5)
  7 ball pythons
  2 frilled lizards
  7 gnoll skeletons (Ossuary)
  7 kobold skeletons (Ossuary)
  11 orc skeletons (Ossuary)
  7 rats
325 creatures vanquished.

Vanquished Creatures (others)
  An orc wizard (D:3)
  4 fungi
  29 plants
34 creatures vanquished.

Grand Total: 359 creatures vanquished

Notes
Turn   | Place    | Note
-------+----------+-------------------------------------------
     0 | D:1      | avis the Demigod Ice Elementalist began the quest for the
                  | Orb.
     0 | D:1      | Reached XP level 1. HP: 14/14 MP: 5/5
   241 | D:1      | Reached skill level 1 in Fighting
   688 | D:1      | Reached XP level 2. HP: 23/23 MP: 5/7
  1086 | D:2      | Found Baishramu's Vocational Training.
  1299 | D:2      | Reached skill level 4 in Ice Magic
  1506 | D:2      | Reached XP level 3. HP: 28/28 MP: 4/8
  1510 | D:2      | Learned a level 3 spell: Frozen Ramparts
  2139 | D:3      | Reached XP level 4. HP: 29/36 MP: 5/10
  2210 | D:2      | Learned a level 3 spell: Ozocubu's Armour
  2550 | D:3      | Reached XP level 5. HP: 38/41 MP: 5/12
  2650 | D:3      | Reached skill level 5 in Ice Magic
  2774 | D:3      | Got Vehumet's Writings on Blasting
  3072 | D:3      | Reached XP level 6. HP: 50/51 MP: 13/13
  4642 | D:4      | Noticed Edmund
  4665 | D:4      | Killed Edmund
  5091 | D:5      | Entered Level 5 of the Dungeon
  5274 | D:5      | Reached XP level 7. HP: 55/57 MP: 9/16
  5441 | D:5      | Reached skill level 6 in Ice Magic
  6488 | D:6      | Found Omei's General Store.
  6642 | D:6      | Found Zin's Purification Station.
  6657 | D:6      | Reached skill level 5 in Spellcasting
  6817 | D:6      | Reached XP level 8. HP: 65/66 MP: 15/19
  6880 | D:6      | Reached skill level 7 in Ice Magic
  6949 | D:6      | Noticed Sigmund
  6963 | D:6      | Killed Sigmund
  7151 | D:6      | Noticed Maggie
  7164 | D:6      | Killed Maggie
  7385 | D:6      | Found a staircase to the Ecumenical Temple.
  7385 | D:6      | Noticed Menkaure
  7394 | D:6      | Killed Menkaure
  7405 | Temple   | Entered the Ecumenical Temple
  7455 | D:6      | Bought a scroll of identify for 24 gold pieces
  7455 | D:6      | Bought a potion of curing for 36 gold pieces
  7455 | D:6      | Bought a scroll of teleportation for 36 gold pieces
  7455 | D:6      | Bought a scroll of amnesia for 48 gold pieces
  7455 | D:6      | Bought a scroll of blinking for 90 gold pieces
  7497 | Temple   | Upgraded the game from 0.29-a0-1006-g0dd7720b37 to
                  | 0.29-a0-1008-g949cc1d0fb
  7691 | D:7      | Found a sand-covered staircase.
  7699 | Ossuary  | Entered an ossuary
  7928 | Ossuary  | Reached skill level 8 in Ice Magic
  8016 | D:7      | Noticed a hornet
  8024 | D:7      | Reached XP level 9. HP: 50/73 MP: 14/21
  8025 | D:7      | Reached skill level 5 in Fighting
  8027 | D:7      | Reached skill level 5 in Dodging
  8093 | D:7      | Found Mared's Jewellery Shop.
  8330 | D:7      | Found Qesar's Book Boutique.
  8354 | D:7      | Identified the +7 long sword of Siruh {vorpal, rC++}
  8381 | D:7      | Found the +5 sword of Power {vorpal}
  8431 | D:7      | Noticed Eustachio
  8551 | D:7      | Found Ilaolanu's Distillery.
  8595 | D:7      | Killed Eustachio
  8602 | D:7      | Noticed Blork the orc
  8609 | D:7      | Killed Blork the orc
  8819 | D:7      | Reached skill level 9 in Ice Magic
  9155 | D:7      | Noticed an orange crystal statue
  9479 | D:7      | Noticed a kobold demonologist
  9479 | D:7      | Noticed a kobold demonologist
  9661 | D:7      | Identified the +1 shortbow of the Snake Pit {venom, rF- rC+
                  | rN+ Dex+4}
  9663 | D:7      | Identified the +0 hat "Ciuxtaf" {rElec}
  9979 | D:7      | Upgraded the game from 0.29-a0-1008-g949cc1d0fb to
                  | 0.29-a0-1027-gcd8c55af63
 10374 | D:8      | Reached XP level 10. HP: 83/83 MP: 21/24
 11725 | D:9      | Reached skill level 10 in Ice Magic
 12213 | D:10     | Entered Level 10 of the Dungeon
 12423 | D:10     | Found a runed translucent door.
 12968 | D:10     | Found a runed translucent door.
 13108 | D:10     | Noticed Sonja
 13117 | D:10     | Killed Sonja
 13209 | D:10     | Found a runed translucent door.
 13243 | D:10     | Found a runed translucent door.
 13289 | D:10     | Noticed Grum
 13295 | D:10     | Killed Grum
 13411 | D:10     | Reached XP level 11. HP: 94/95 MP: 19/25
 13575 | D:10     | Noticed an orange crystal statue
 13854 | D:11     | Noticed a four-headed hydra
 13881 | D:11     | Killed a four-headed hydra
 13957 | D:11     | Noticed a two-headed ogre
 13964 | D:11     | HP: 1/97 [two-headed ogre/+0 giant spiked club (20)]
 13969 | D:11     | Killed a two-headed ogre
 14212 | D:11     | Found a staircase to the Lair.
 14519 | Lair:1   | Entered Level 1 of the Lair of Beasts
 14568 | Lair:1   | Noticed a lindwurm
 14578 | Lair:1   | Killed a lindwurm
 15214 | Lair:1   | Reached skill level 10 in Fighting
 15947 | Lair:2   | Found a frozen archway.
 15956 | IceCv    | Entered an ice cave
 16865 | IceCv    | Reached skill level 10 in Dodging
 16925 | IceCv    | Noticed a white draconian
 16938 | IceCv    | Killed a white draconian
 17127 | Lair:2   | Reached XP level 12. HP: 57/106 MP: 20/28
 17622 | Lair:2   | Noticed Harold
 17634 | Lair:2   | Killed Harold
 17635 | Lair:2   | Reached skill level 11 in Ice Magic
 17715 | Lair:2   | Noticed a seven-headed hydra
 17721 | Lair:2   | Killed a seven-headed hydra
 18117 | D:7      | Bought an amulet of reflection for 330 gold pieces
 18429 | Lair:3   | Found a gate leading to a gauntlet.
 18486 | Lair:3   | Reached skill level 12 in Ice Magic
 18510 | Gauntlet | Entered a Gauntlet
 18510 | Gauntlet | Found a transporter.
 18510 | Gauntlet | Found a transporter.
 18514 | Gauntlet | Found a runed translucent door.
 18516 | Gauntlet | Found a transporter.
 18518 | Gauntlet | Found a runed translucent door.
 18520 | Gauntlet | Found a transporter.
 18520 | Gauntlet | Found a transporter.
 18523 | Gauntlet | Found a transporter.
 18563 | Gauntlet | Found a transporter.
 18564 | Gauntlet | Found a transporter.
 18564 | Gauntlet | Found a transporter.
 18579 | Gauntlet | Found a transporter.
 18595 | Gauntlet | Found a transporter.
 18620 | Gauntlet | Found a transporter.
 18624 | Gauntlet | Found a transporter.
 18669 | Gauntlet | Found a transporter.
 18714 | Gauntlet | Found a transporter.
 18722 | Gauntlet | Found a transporter.
 18722 | Gauntlet | Found a transporter.
 18722 | Gauntlet | Found a transporter.
 19070 | Gauntlet | Found a transporter.
 19233 | Gauntlet | Found a transporter.
 19240 | Gauntlet | Found a transporter.
 19333 | Gauntlet | Found a transporter.
 19336 | Gauntlet | Identified the +2 pair of gloves "Edwuux" {rC+ rCorr}
 19395 | Gauntlet | Identified the +4 scimitar "Bexaun" {vorpal, rC- Will++}
 19395 | Gauntlet | Identified the +6 ice dragon scales of the Hurtling Gods
                  | {-Tele rF- rC++ rN+ Str+2}
 19395 | Gauntlet | Noticed a minotaur
 19416 | Gauntlet | Slain by a minotaur

Illustrated notes

Levels and vault maps discovered:
D:1:      psy_arrival_dodecagon, layout_basic, shapermc_ecumenical_altar_venn
D:2:      layout_basic, basic_altar, nicolae_shop_vocational
D:3:      wander_river, layout_basic, palyth_temple_overflow_mages
D:4:      corexii_shack_village, layout_loops_cross, uniq_edmund
D:5:      dreamdust_elfheim, layout_basic, chequers_serial_rivers_room_a,
          nrook_campfire
D:6:      layout_cave_pools, zin_purify, okawaru_metal_pillars_1_2,
          elyvilon_altar_3, temple_green, serial_shops, shop, uniq_menkaure,
          uniq_maggie, uniq_sigmund
D:7:      statuecave_lemuel, layout_basic, enter_ossuary_1, serial_shops, shop,
          kennysheep_little_box, nicolae_diamond_shop, sword_in_stone
D:8:      layout_loops_ring, grunt_temple_overflow_open, lemuel_tele_altar,
          nicolae_xom_altar_mimics, hangedman_decor_slide_cut
D:9:      layout_basic, nemelex_altar_shiori, minmay_strange_pillars
D:10:     layout_basic, minmay_statue_crystal_thing, uniq_grum, uniq_sonja
D:11:     layout_basic, david_lair_shrubbed
Temple:   hellmonk_temple_of_storms
Lair:1:   layout_loops_ring
Lair:2:   layout_loops_ring, portal_ice_cave_rime, uniq_harold
Lair:3:   layout_chaotic_city, minmay_shoals_entry_beasts,
          guppyfry_snake_entry_island, gauntlet_entry_generic
Gauntlet: gammafunk_gauntlet_mixed_choke_point [minmay_gauntlet_arena_77_fan,
          minmay_gauntlet_arena_77_block_sizes,
          minmay_gauntlet_arena_77_shame_cube, nicolae_gauntlet_swirl,
          minmay_gauntlet_arena_77_two_lines, minmay_gauntlet_arena_77_mess,
          minmay_gauntlet_arena_77_p_blocks, dreamdust_gauntlet_exit_labyrinth]

Skill      XL: |  1  2  3  4  5  6  7  8  9 10 11 12 |
---------------+-------------------------------------+-----
Fighting       | 1 2 3 4 6 8 10 | 10.0
Dodging        | 2 3 4 5 7 10 | 10.0
Stealth        | 2 |  2.0
Spellcasting   | 2 3 4 5 6 7 8 |  8.0
Ice Magic      | 4 5 6 8 9 10 12 | 12.7

Action                   |  1- 3 |  4- 6 |  7- 9 | 10-12 || total
-------------------------+-------+-------+-------+-------++-------
Melee: Dagger            |     2 |       |       |       ||     2
       Falchion          |     9 |    97 |     9 |       ||   115
       Punch             |       |     1 |     1 |     1 ||     3
       Long sword        |       |       |    35 |   172 ||   207
       Shortbow          |       |       |     2 |       ||     2
 Fire: Shortbow          |       |       |   422 |   302 ||   724
 Cast: Freeze            |    43 |     4 |       |       ||    47
       Frozen Ramparts   |     4 |    39 |    37 |    69 ||   149
       Ozocubu's Armour  |       |    19 |    48 |    70 ||   137
Evoke: Wand              |       |       |     2 |     4 ||     6
  Use: Scroll            |       |       |    13 |     8 ||    21
       Potion            |       |       |     3 |     8 ||    11
 Stab: Sleeping          |     3 |     3 |       |       ||     6
       Invisible         |       |       |       |     3 ||     3
Armor: Robe              |     6 |    39 |    28 |       ||    73
       Acid dragon scale |       |       |   108 |   172 ||   280
Dodge: Dodged            |    26 |    67 |   300 |   502 ||   895
Block: Other             |       |       |       |    33 ||    33

Table legend: (Time is in decaauts)
 A = Elapsed time spent in this place.
 B = Non-inter-level travel time spent in this place.
 C = Inter-level travel time spent in this place.
 D = Time resting spent in this place.
 E = Time spent auto-exploring this place.
 F = Levels seen in this place.
 G = Mean time per level.
                   A        B        C        D        E       F      G
               +--------+--------+--------+--------+--------+-----+--------+
         Total |  19970 |  17464 |   2506 |   5150 |   7219 |  18 | 1109.4 |
       Dungeon |  15137 |  12834 |   2303 |   3670 |   6066 |  11 | 1376.1 |
        Temple |     49 |     41 |      8 |      0 |      0 |   1 |   49.0 |
          Lair |   2335 |   2140 |    195 |    379 |   1153 |   3 |  778.3 |
       Ossuary |    317 |    317 |      0 |     31 |      0 |   1 |  317.0 |
      Ice Cave |   1214 |   1214 |      0 |    583 |      0 |   1 | 1214.0 |
      Gauntlet |    915 |    915 |      0 |    486 |      0 |   1 |  915.0 |
               +--------+--------+--------+--------+--------+-----+--------+

Top non-repeatable levels by time:
     D:7: 2198 daAuts
     D:3: 1829 daAuts
     D:9: 1754 daAuts
     D:4: 1419 daAuts
     D:5: 1390 daAuts
    D:10: 1287 daAuts
     D:6: 1256 daAuts
   IceCv: 1214 daAuts
  Lair:1: 1176 daAuts
     D:2: 1110 daAuts
     D:8: 1048 daAuts
  Lair:2: 965 daAuts
    D:11: 939 daAuts
Gauntlet: 915 daAuts
     D:1: 903 daAuts
